 Dungeon Crawl Stone Soup version 0.29-a0-330-g52719c12eb (webtiles) character file.

Game seed: 10914825230000311332

212 kae the Firebug (level 5, -2/41 HPs)
             Began as a Demigod Fire Elementalist on Apr 22, 2022.
             Slain by an ice beast (4 damage)
             ... on level 3 of the Dungeon.
             The game lasted 00:02:28 (3913 turns).

kae the Firebug (Demigod Fire Elementalist)         Turns: 3913, Time: 00:02:29

Health: -2/41      AC:  2    Str:  9    XL:     5   Next: 31%
Magic:  2/11       EV: 12    Int: 21    God:
Gold:   70         SH:  0    Dex: 14    Spells: 3/9 levels left

rFire   . . .      SeeInvis .   g - +0 short sword
rCold   . . .      Faith    .   (no shield)
rNeg    . . .      Spirit   .   a - +0 robe
rPois   .          Reflect  .   (no helmet)
rElec   .          Harm     .   (no cloak)
rCorr   .          Rampage  .   (no gloves)
Will    .....                   (no boots)
Stlth   ++........              (no amulet)
HPRegen 0.13/turn               e - ring of flight
MPRegen 0.12/turn               (no ring)

@: flying
A: high MP 1, forlorn, divine attributes
a: no special abilities


You were on level 3 of the Dungeon.
You visited 1 branch of the dungeon, and saw 3 of its levels.

You collected 70 gold pieces.

Inventory:

Hand Weapons
 g - a +0 short sword (weapon)
Missiles
 f - a throwing net
Armour
 a - a +0 robe (worn)
 i - a +0 kite shield
Jewellery
 e - a ring of flight (left hand)
Scrolls
 d - a scroll of teleportation
 j - a scroll of amnesia {unknown}
Potions
 b - a potion of magic
 c - 2 potions of curing
 h - a potion of heal wounds


   Skills:
 + Level 2.0 Fighting
 - Level 1.7 Dodging
 - Level 1.7 Stealth
 + Level 2.6 Spellcasting
 + Level 2.3 Conjurations
 * Level 4.2 Fire Magic


You had 3 spell levels left.
You knew the following spells:

 Your Spells              Type           Power      Damage    Failure   Level
a - Foxfire               Conj/Fire      64%        2x1d7     3%          1
b - Scorch                Fire           40%        2d7       3%          2
c - Conjure Flame         Conj/Fire      16%        6-21      11%         3

Your spell library contained the following spells:

 Spells                   Type           Power      Damage    Failure   Level
 Inner Flame              Hex/Fire       11%        N/A       17%         3
 Flame Wave               Conj/Fire      16%        2d6       34%         4


Dungeon Overview and Level Annotations

Branches:
Dungeon (3/15)


Innate Abilities, Weirdness & Mutations

You have an increased reservoir of magic. (+10% MP)
You shall have no god before yourself.
Your divine heritage dramatically boosts your attributes as you level up.


Message History

The ice beast is lightly wounded.
The foxfire hits the ice beast but does no damage.
The ice beast is lightly wounded.
The foxfire hits the ice beast.
The ice beast melts!
The ice beast is lightly wounded.
Casting: Foxfire (safe; 3% risk of failure)
Confirm with . or Enter, or press ? or * to list all spells.
You miscast Foxfire.
You are very lightly contaminated with residual magic.
Nothing appears to happen.
Casting: Foxfire (safe; 3% risk of failure)
Confirm with . or Enter, or press ? or * to list all spells.
You conjure some foxfire!
The foxfire hits the ice beast but does no damage.
The ice beast is lightly wounded.
The foxfire hits the ice beast.
The ice beast melts!
The ice beast is moderately wounded.
The ice beast closely misses you.
Casting: Foxfire (safe; 3% risk of failure)
Confirm with . or Enter, or press ? or * to list all spells.
Flames lash the ice beast but do no damage.
The ice beast hits you. The ice beast freezes you! The ice beast hits you.
The ice beast freezes you!
Casting: Scorch (safe; 3% risk of failure)
Confirm with . or Enter, or press ? or * to list all spells.
Flames lash the ice beast.
The ice beast melts!
The ice beast is moderately wounded.
The ice beast's fire resistance burns away.
The ice beast closely misses you. The ice beast hits you.
* * * LOW HITPOINT WARNING * * *
The ice beast freezes you!
* * * LOW HITPOINT WARNING * * *
Your magical contamination has completely faded away.
Casting: Scorch (safe; 3% risk of failure)
Confirm with . or Enter, or press ? or * to list all spells.
Flames lash the ice beast.
The ice beast melts!
The ice beast is heavily wounded.
The ice beast hits you.
You die...

.#........
>..........
#..........
#..........
#..........
#..........
#.Y........
#.@........
#..........
#..........
#..........
#.#+#####.#
#.#.# .
#...#####.#
###.......#
#.#######


You could see an ice beast (combustible).

Vanquished Creatures
  An orc wizard (D:2)
  5 adders
  8 gnolls
  A worm (D:2)
  3 dart slugs
  2 orcs (D:2)
  5 ball pythons
  4 endoplasms
  A giant cockroach (D:1)
  6 goblins
  4 hobgoblins (D:1)
  4 jackals
  4 quokkas
  2 bats (D:2)
  2 frilled lizards (D:2)
  3 kobolds
  4 rats (D:2)
59 creatures vanquished.

Vanquished Creatures (others)
  189 foxfires
189 creatures vanquished.

Grand Total: 248 creatures vanquished

Notes
Turn   | Place    | Note
-------+----------+-------------------------------------------
     0 | D:1      | kae the Demigod Fire Elementalist began the quest for the
                  | Orb.
     0 | D:1      | Reached XP level 1. HP: 14/14 MP: 5/5
   197 | D:1      | Reached skill level 1 in Conjurations
   714 | D:1      | Reached skill level 3 in Fire Magic
   714 | D:1      | Reached XP level 2. HP: 22/22 MP: 2/7
  1471 | D:1      | Learned a level 2 spell: Scorch
  1648 | D:2      | Reached XP level 3. HP: 21/27 MP: 8/8
  1652 | D:2      | Learned a level 3 spell: Conjure Flame
  1758 | D:2      | Reached skill level 1 in Fighting
  2400 | D:2      | Reached XP level 4. HP: 35/35 MP: 6/10
  3227 | D:2      | Reached skill level 4 in Fire Magic
  3538 | D:3      | Reached XP level 5. HP: 39/41 MP: 7/11
  3901 | D:3      | Noticed an ice beast
  3912 | D:3      | HP: 2/41 [ice beast (9)]
  3913 | D:3      | Slain by an ice beast

Illustrated notes

Levels and vault maps discovered:
D:1:      dpeg_cavernosity, layout_basic, ebering_ecumenical_altar_petrified
D:2:      layout_basic, minmay_quadrilaterals
D:3:      layout_basic, uniq_natasha

Skill      XL: |  1  2  3  4  5 |
---------------+----------------+-----
Conjurations   | 1 2 |  2.3
Fire Magic     | 3 4 |  4.2
Spellcasting   | 2 |  2.6
Fighting       | 1 2 |  2.0
Dodging        | |  1.7
Stealth        | |  1.7

Action                   |  1- 3 |  4- 6 || total
-------------------------+-------+-------++-------
Melee: Short sword       |    22 |     4 ||    26
 Cast: Foxfire           |    79 |    38 ||   117
       Scorch            |     2 |    17 ||    19
  Use: Scroll            |     3 |     2 ||     5
       Potion            |       |     1 ||     1
 Stab: Sleeping          |     2 |       ||     2
Armor: Robe              |    11 |     2 ||    13
Dodge: Dodged            |    32 |    39 ||    71

Table legend: (Time is in decaauts)
 A = Elapsed time spent in this place.
 B = Non-inter-level travel time spent in this place.
 C = Inter-level travel time spent in this place.
 D = Time resting spent in this place.
 E = Time spent auto-exploring this place.
 F = Levels seen in this place.
 G = Mean time per level.
                   A        B        C        D        E       F      G
               +--------+--------+--------+--------+--------+-----+--------+
         Total |   3915 |   3583 |    332 |    343 |   2699 |   3 | 1305.0 |
       Dungeon |   3915 |   3583 |    332 |    343 |   2699 |   3 | 1305.0 |
               +--------+--------+--------+--------+--------+-----+--------+

Top non-repeatable levels by time:
     D:2: 2073 daAuts
     D:1: 1642 daAuts
     D:3: 199 daAuts
